 Dungeon Crawl Stone Soup version 0.31-a0-229-g1fc7ce93e2 (webtiles) character file.

Game seed: 16740701964564524700

4377 qw the Skirmisher (level 10, 0/88 HPs)
             Began as a Minotaur Hexslinger on July 6, 2023.
             Was a Follower of Okawaru.
             Slain by a centaur warrior
             ... wielding a +0 great mace
              (6 damage)
             ... on level 8 of the Dungeon.
             The game lasted 00:03:34 (7635 turns).

qw the Skirmisher (Minotaur Hexslinger)             Turns: 7635, Time: 00:03:34

Health: 0/88       AC: 20    Str: 13    XL:     10   Next: 13%
Magic:  8/9        EV: 16    Int: 10    God:    Okawaru [*.....]
Gold:   308        SH:  0    Dex: 17    Spells: 10/11 levels left

rFire   + . .        l - +0 orcbow
rCold   . . .        (shield currently unavailable)
rNeg    + . .        f - +9 ring mail of Doomed Lucidity {rElec Stlth+}
rPois   .            (helmet restricted)
rElec   +            (no cloak)
rCorr   .            e - +0 pair of gloves
SInv    +            m - +1 pair of boots of the Sandy God {rN+}
Will    .....        (no amulet)
Stlth   +++          k - ring of see invisible
HPRegen 0.34/turn    n - ring of protection from fire
MPRegen 0.11/turn

%: no passive effects
@: about to teleport, heroic, attractive
A: horns 2, retaliatory headbutt, low MP 1
a: Renounce Religion, Heroism


You were on level 8 of the Dungeon.
You worshipped Okawaru.
Okawaru was aware of your devotion.
You visited 2 branches of the dungeon, and saw 9 of its levels.

You collected 308 gold pieces.


Innate Abilities, Weirdness & Mutations

You have a pair of horns on your head.
You reflexively headbutt those who attack you in melee.
Your magical capacity is low. (-10% MP)


   Skills:
 - Level 8.0(13.0) Fighting
 + Level 12.7(17.7) Ranged Weapons
 - Level 4.5(9.5) Armour
 - Level 5.0(10.0) Dodging
 - Level 1.0 Spellcasting
 - Level 2.0 Hexes
 + Level 2.1 Invocations


You had 10 spell levels left.
You knew the following spells:

 Your Spells              Type           Power      Damage    Failure   Level
a - Slow                  Hex            16%        N/A       28%         1

Your spell library contained the following spells:

 Spells                   Type           Power      Damage    Failure   Level
 Inner Flame              Hex/Fire       2%         N/A       77%         3
 Portal Projectile        Hex/Tloc       4%         N/A       77%         3
 Cause Fear               Hex            2%         N/A       95%         4

Inventory:

Hand Weapons
 l - a +0 orcbow (weapon)
Armour
 e - a +0 pair of gloves (worn)
 f - the +9 ring mail of Doomed Lucidity (worn) {rElec Stlth+}
   (You found it on level 2 of the Dungeon)

   rElec:     It insulates you from electricity.
   Stlth:     It makes you more stealthy.
 m - the +1 pair of boots of the Sandy God (worn) {rN+}
   (You found it on level 7 of the Dungeon)

   rN:        It protects you from negative energy.
Jewellery
 k - a ring of see invisible (left hand)
 n - a ring of protection from fire (right hand)
Scrolls
 g - 3 scrolls of identify
Potions
 a - a potion of might
 c - 2 potions of curing
 d - a potion of resistance
 i - a potion of mutation
 j - a potion of attraction

Dungeon Overview and Level Annotations

Branches:
Dungeon (8/15)             Temple (1/1) D:7
   Lair: D:8-11

Altars:
Ashenzari
Cheibriados
Dithmenos
Elyvilon
Fedhas
Gozag
Kikubaaqudgha
Makhleb
Nemelex Xobeh
Okawaru
Qazlal
Ru
Sif Muna
Uskayaw
Vehumet
Wu Jian
Xom
Yredelemnul
Zin
The Shining One

Shops:
D:3 :

Annotations:
D:2 1 runed translucent door, Crazy Yiuf


Message History

The sky beast flickers out of sight for a moment.
You shoot an arrow.
The arrow hits the kobold brigand but does no damage.
The kobold brigand is heavily wounded.
The kobold brigand closely misses you. The efreet barely misses you.
You shoot an arrow. The arrow hits the kobold brigand!
The kobold brigand is almost dead.
The sky beast flickers out of sight for a moment.
The kobold brigand hits you but does no damage.
The efreet barely misses you.
You shoot an arrow. The arrow hits the kobold brigand!
You kill the kobold brigand!
Okawaru accepts your kill.
The centaur warrior hits you with a +0 great mace!
The centaur warrior kicks you but does no damage.
The sky beast is attracted toward you.
The orc warrior is attracted toward you.
7632 ||| READING scroll of teleportation.
As you read the scroll of teleportation, it crumbles to dust.
You feel strangely unstable.
The efreet hits you with a +0 scimitar of flaming!
The efreet burns you.
The centaur warrior hits you but does no damage.
The centaur warrior kicks you but does no damage.
7633 ||| DRINKING potion of heal wounds.
You feel much better.
The centaur warrior hits you but does no damage.
The centaur warrior misses you. The efreet hits you but does no damage.
The centaur warrior closely misses you.
The centaur warrior kicks you but does no damage.
You shoot an arrow.
The arrow hits the centaur warrior but does no damage.
The efreet gestures at you. The bolt of fire hits you. You resist.
The centaur warrior hits you with a +0 great mace!
The centaur warrior kicks you.
You shoot an arrow.
The arrow hits the centaur warrior but does no damage.
The centaur warrior hits you with a +0 great mace.
You die...

!! .(?0 o. !?#
.!H. #.O #..
#### .D#
..######C.
#....o0# ...Yo.
#YO# #cR# ##@#
###.# #####...#
# #.....### ..
####.#####
###.###.##.#
...........#
##.#../..######
#.............#
######### #


You could see a centaur warrior, a two-headed ogre, a manticore, an efreet, an
orc warrior, 2 sky beasts and an orc.

Vanquished Creatures
  A cyclops (D:8)
  A troll (D:7)
  Grinder (D:3)
  Sigmund (D:3)
  Eustachio (D:6)
  An acid dragon (D:8)
  4 water moccasins
  2 orc warriors (D:5)
  A black bear (D:7)
  3 ice beasts
  A sky beast (D:7)
  2 ogres
  4 centaurs
  A kobold brigand (D:8)
  A gnoll sergeant (D:7)
  2 scorpions
  5 wights (D:6)
  2 howler monkeys (D:7)
  3 hounds
  2 jellies (D:5)
  6 orc priests
  2 gnoll boudas (D:7)
  A sleepcap (D:4)
  Jessica (D:3)
  2 iguanas (D:5)
  11 orc wizards
  15 gnolls
  4 adders
  2 shadow imps
  A white imp (D:7)
  3 ufetubi
  2 worms (D:3)
  4 dart slugs
  28 orcs
  3 ball pythons
  5 endoplasms
  4 giant cockroaches
  5 goblins
  8 hobgoblins
  4 jackals (D:2)
  4 quokkas
  5 bats
  2 frilled lizards
  10 kobolds
  8 rats
179 creatures vanquished.

Notes
Turn   | Place    | Note
-------+----------+-------------------------------------------
     0 | D:1      | qw the Minotaur Hexslinger began the quest for the Orb.
     0 | D:1      | Reached XP level 1. HP: 16/16 MP: 1/1
     0 | D:1      | 0 ||| qw: Version: 0.3-a-46-gb1f654a
     0 | D:1      | 0 ||| qw: Game counter: 1185
     0 | D:1      | 0 ||| qw: Melee chars always use a shield: true
     0 | D:1      | 0 ||| qw: God list: Okawaru
     0 | D:1      | 0 ||| qw: Allow faded altars: false
     0 | D:1      | 0 ||| qw: Do Orc after clearing Dungeon:15 true
     0 | D:1      | 0 ||| qw: Do second Lair branch before Depths: true
     0 | D:1      | 0 ||| qw: Lair rune preference: random
     0 | D:1      | 0 ||| qw: Goals: Normal
     0 | D:1      | 0 ||| PLANNING D:1-11
   142 | D:1      | Reached skill level 3 in Ranged Weapons
   147 | D:1      | Reached XP level 2. HP: 23/23 MP: 2/2
   371 | D:1      | Reached XP level 3. HP: 29/29 MP: 3/3
   589 | D:1      | 589 ||| UPGRADING to +0 ring mail.
   599 | D:1      | 599 ||| DROPPING +0 robe.
   600 | D:1      | 600 ||| READING scroll labelled YRAAGH IM KIT.
   601 | D:1      | 601 ||| READING scroll labelled HUENIP YCOCK.
   605 | D:1      | 605 ||| READING 2 scrolls labelled ZESHRY LOGG.
   606 | D:1      | 606 ||| READING scroll labelled JEREVV YVASYAWN.
   607 | D:1      | 607 ||| DROPPING scroll of poison.
   608 | D:1      | 608 ||| DROPPING scroll of revelation.
   806 | D:2      | Found a faded altar of an unknown god.
   861 | D:2      | Reached skill level 4 in Ranged Weapons
   885 | D:2      | Reached skill level 1 in Armour
  1071 | D:2      | Found a shadowy altar of Dithmenos.
  1101 | D:2      | Identified the +9 ring mail of Doomed Lucidity {rElec
                  | Stlth+}
  1325 | D:2      | Found a runed translucent door.
  1326 | D:2      | Noticed Crazy Yiuf
  1329 | D:2      | 1329 ||| UPGRADING to +0 pair of gloves.
  1334 | D:2      | 1334 ||| UPGRADING to +9 ring mail of Doomed Lucidity
                  | {rElec Stlth+}.
  1344 | D:2      | 1344 ||| DROPPING +0 ring mail.
  1345 | D:2      | 1345 ||| READING scroll labelled CYSCHAL ZISKYSK.
  1346 | D:2      | 1346 ||| READING scroll labelled GUSHIUF RUZU.
  1369 | D:3      | 1369 ||| PLANNING SEWER
  1386 | D:3      | Noticed Grinder
  1397 | D:3      | Reached XP level 4. HP: 36/36 MP: 4/4
  1415 | D:3      | Paralysed by Grinder for 4 turns
  1426 | D:3      | Killed Grinder
  1427 | D:3      | Reached skill level 6 in Ranged Weapons
  1427 | D:3      | Reached XP level 5. HP: 28/41 MP: 5/5
  1518 | D:3      | 1518 ||| READING scroll of enchant weapon.
  1518 | D:3      | 1518 ||| ENCHANTING +2 sling.
  1519 | D:3      | Noticed Sigmund
  1527 | D:3      | Killed Sigmund
  1528 | D:3      | Reached XP level 6. HP: 42/53 MP: 6/6
  1583 | D:3      | Noticed an ice beast
  1601 | D:3      | Killed an ice beast
  1602 | D:3      | Reached skill level 7 in Ranged Weapons
  1602 | D:3      | Reached XP level 7. HP: 39/60 MP: 7/7
  1830 | D:3      | 1830 ||| Stepping ~*~*~tactically~*~*~ (outnumbered).
  1833 | D:3      | 1833 ||| Stepping ~*~*~tactically~*~*~ (outnumbered).
  1834 | D:3      | 1834 ||| Stepping ~*~*~tactically~*~*~ (outnumbered).
  1837 | D:3      | 1837 ||| Stepping ~*~*~tactically~*~*~ (outnumbered).
  1838 | D:3      | 1838 ||| Stepping ~*~*~tactically~*~*~ (outnumbered).
  1944 | D:3      | Found Defosukk's Book Boutique.
  1959 | D:3      | 1959 ||| RIP SEWER
  1962 | D:3      | 1962 ||| PLANNING D:1-11
  2027 | D:3      | Noticed Jessica
  2033 | D:3      | Killed Jessica
  2034 | D:3      | Reached skill level 8 in Ranged Weapons
  2454 | D:3      | 2454 ||| READING scroll labelled YLENWO CAESEA.
  2455 | D:3      | 2455 ||| READING 3 scrolls of identify.
  2455 | D:3      | 2455 ||| IDENTIFYING brown potion
  2456 | D:3      | 2456 ||| READING 2 scrolls of identify.
  2456 | D:3      | 2456 ||| IDENTIFYING fuming sapphire potion
  2457 | D:3      | 2457 ||| DROPPING potion of lignification.
  2515 | D:4      | Reached skill level 3 in Armour
  2862 | D:4      | HP: 4/61 [orc priest/divine providence (14)]
  2863 | D:4      | 2863 ||| READING 2 scrolls of teleportation.
  2864 | D:4      | 2864 ||| DRINKING potion of heal wounds.
  3704 | D:4      | 3704 ||| READING 2 scrolls labelled AVACWO FEBINA.
  3705 | D:4      | 3705 ||| DRINKING 2 sedimented coppery potions.
  3705 | D:4      | Gained mutation: Your magical capacity is low. (-10% MP)
                  | [potion of mutation]
  3705 | D:4      | Gained mutation: You are weak. (Str -2) [potion of
                  | mutation]
  3705 | D:4      | Lost mutation: You are weak. (Str -2) [potion of mutation]
  3706 | D:4      | 3706 ||| DROPPING scroll of blinking.
  3755 | D:5      | Entered Level 5 of the Dungeon
  3774 | D:5      | Reached skill level 9 in Ranged Weapons
  3774 | D:5      | Reached XP level 8. HP: 66/68 MP: 7/7
  3967 | D:5      | Reached skill level 3 in Dodging
  4126 | D:5      | Reached skill level 6 in Fighting
  4434 | D:5      | 4434 ||| DRINKING 2 silvery potions.
  4435 | D:5      | 4435 ||| READING 2 scrolls of identify.
  4435 | D:5      | 4435 ||| IDENTIFYING cyan potion
  4473 | D:6      | 4473 ||| STAIRDANCE
  4475 | D:5      | 4475 ||| DRINKING potion of curing.
  4475 | D:5      | 4475 ||| (to cure confusion)
  4479 | D:6      | 4479 ||| STAIRDANCE
  4592 | D:6      | 4592 ||| STAIRDANCE
  4618 | D:6      | 4618 ||| STAIRDANCE
  4730 | D:6      | 4730 ||| STAIRDANCE
  4825 | D:6      | 4825 ||| STAIRDANCE
  4830 | D:5      | Reached skill level 10 in Ranged Weapons
  4861 | D:6      | 4861 ||| STAIRDANCE
  4968 | D:6      | Noticed Eustachio
  4994 | D:6      | Killed Eustachio
  5275 | D:6      | Reached XP level 9. HP: 79/79 MP: 8/8
  5279 | D:6      | 5279 ||| Stepping ~*~*~tactically~*~*~ (outnumbered).
  5295 | D:6      | HP: 15/64 [wight/+2 long sword of draining (6)]
  5296 | D:6      | 5296 ||| READING 2 scrolls of teleportation.
  5297 | D:6      | 5297 ||| DRINKING 2 potions of heal wounds.
  5578 | D:6      | 5578 ||| SWAPPING to +0 orcbow.
  5588 | D:6      | 5588 ||| DROPPING +3 sling.
  5649 | D:6      | Reached skill level 11 in Ranged Weapons
  5907 | D:6      | 5907 ||| UPGRADING to ring of see invisible.
  5956 | D:7      | 5956 ||| FLEEEEING.
  5957 | D:7      | 5957 ||| FLEEEEING.
  5958 | D:7      | 5958 ||| FLEEEEING.
  5959 | D:7      | 5959 ||| FLEEEEING.
  5960 | D:7      | 5960 ||| FLEEEEING.
  5961 | D:7      | 5961 ||| FLEEEEING.
  5962 | D:7      | 5962 ||| FLEEEEING.
  5963 | D:7      | 5963 ||| FLEEEEING.
  5964 | D:7      | 5964 ||| FLEEEEING.
  5966 | D:7      | 5966 ||| FLEEEEING.
  5968 | D:7      | 5968 ||| FLEEEEING.
  5969 | D:7      | 5969 ||| FLEEEEING.
  5970 | D:7      | 5970 ||| STAIRDANCE
  6030 | D:7      | Found a staircase to the Ecumenical Temple.
  6031 | D:7      | 6031 ||| PLANNING TEMPLE
  6041 | Temple   | Entered the Ecumenical Temple
  6351 | Temple   | 6351 ||| PLANNING OKAWARU WORSHIP
  6494 | Temple   | Became a worshipper of Warmaster Okawaru
  6495 | Temple   | 6495 ||| PLANNING D:1-11
  6540 | D:7      | Noticed a troll
  6549 | D:7      | Killed a troll
  6585 | D:7      | 6585 ||| FLEEEEING.
  6593 | D:7      | 6593 ||| FLEEEEING.
  6594 | D:7      | 6594 ||| FLEEEEING.
  6595 | D:7      | 6595 ||| FLEEEEING.
  6596 | D:7      | 6596 ||| FLEEEEING.
  6597 | D:7      | 6597 ||| FLEEEEING.
  6598 | D:7      | 6598 ||| FLEEEEING.
  6599 | D:7      | 6599 ||| FLEEEEING.
  6600 | D:7      | 6600 ||| FLEEEEING.
  6601 | D:7      | 6601 ||| FLEEEEING.
  6602 | D:7      | 6602 ||| FLEEEEING.
  6609 | D:7      | 6609 ||| FLEEEEING.
  6610 | D:7      | 6610 ||| FLEEEEING.
  6611 | D:7      | 6611 ||| STAIRDANCE
  6727 | D:7      | Reached skill level 12 in Ranged Weapons
  6893 | D:7      | Reached * piety under Okawaru
  6899 | D:7      | Reached skill level 1 in Invocations
  6926 | D:7      | 6926 ||| FLEEEEING.
  6927 | D:7      | 6927 ||| FLEEEEING.
  6929 | D:7      | 6929 ||| FLEEEEING.
  6930 | D:7      | 6930 ||| FLEEEEING.
  6931 | D:7      | 6931 ||| FLEEEEING.
  6936 | D:7      | 6936 ||| FLEEEEING.
  6937 | D:7      | 6937 ||| FLEEEEING.
  6938 | D:7      | 6938 ||| FLEEEEING.
  6939 | D:7      | 6939 ||| FLEEEEING.
  6940 | D:7      | 6940 ||| FLEEEEING.
  6941 | D:7      | 6941 ||| FLEEEEING.
  6942 | D:7      | 6942 ||| FLEEEEING.
  6943 | D:7      | 6943 ||| FLEEEEING.
  6948 | D:7      | 6948 ||| FLEEEEING.
  6949 | D:7      | 6949 ||| FLEEEEING.
  6950 | D:7      | 6950 ||| FLEEEEING.
  6958 | D:7      | 6958 ||| STAIRDANCE
  6996 | D:6      | 6996 ||| DROPPING amulet of magic regeneration.
  6997 | D:6      | 6997 ||| UPGRADING to ring of protection from fire.
  7007 | D:7      | 7007 ||| INVOKING Heroism.
  7022 | D:7      | 7022 ||| INVOKING Heroism.
  7110 | D:7      | 7110 ||| INVOKING Heroism.
  7205 | D:7      | Identified the +1 pair of boots of the Sandy God {rN+}
  7256 | D:7      | 7256 ||| INVOKING Heroism.
  7440 | D:7      | 7440 ||| UPGRADING to +1 pair of boots of the Sandy God
                  | {rN+}.
  7445 | D:7      | 7445 ||| DROPPING potion of invisibility.
  7599 | D:8      | Noticed a cyclops
  7600 | D:8      | 7600 ||| Stepping ~*~*~tactically~*~*~ (outnumbered).
  7601 | D:8      | Noticed a two-headed ogre
  7602 | D:8      | 7602 ||| Stepping ~*~*~tactically~*~*~ (outnumbered).
  7604 | D:8      | 7604 ||| Stepping ~*~*~tactically~*~*~ (outnumbered).
  7605 | D:8      | Noticed an efreet
  7605 | D:8      | Noticed a manticore
  7606 | D:8      | 7606 ||| Stepping ~*~*~tactically~*~*~ (outnumbered).
  7607 | D:8      | 7607 ||| DRINKING 2 amethyst potions.
  7608 | D:8      | 7608 ||| READING 4 scrolls of identify.
  7608 | D:8      | 7608 ||| IDENTIFYING coppery potion
  7617 | D:8      | Killed a cyclops
  7618 | D:8      | Reached XP level 10. HP: 37/88 MP: 9/9
  7618 | D:8      | 7618 ||| INVOKING Heroism.
  7619 | D:8      | Noticed a centaur warrior
  7631 | D:8      | HP: 12/88 [centaur warrior/+0 great mace (13)]
  7632 | D:8      | 7632 ||| READING scroll of teleportation.
  7632 | D:8      | HP: 2/88 [efreet/+0 scimitar of flaming (11)]
  7633 | D:8      | 7633 ||| DRINKING potion of heal wounds.
  7635 | D:8      | Slain by a centaur warrior

Levels and vault maps discovered:
D:1:      scummos_arrival_simple_fountains, layout_basic,
          corexii_item_surrounded_by_moat, minmay_ruptured
D:2:      layout_rooms, serial_curves, eino_curves_01, eino_curves_03,
          shapermc_ecumenical_altar_rom_forum, basic_altar,
          uniq_crazy_yiuf_cottage
D:3:      layout_basic, serial_shops, nicolae_shop_tiny_real_fake_doors,
          gup_sewer_entry_glass, kennysheep_jessica_study, uniq_sigmund,
          uniq_grinder
D:4:      layout_basic, serial_corexii_hall, chequers_hall_statues_y,
          corexii_hall_statues_deadend, corexii_hall_statues_i,
          chequers_hall_statues_corner_a, corexii_hall_statues_i,
          corexii_hall_statues_l, minmay_misc_feat_ornament
D:5:      layout_cave_pods, hangedman_decor_clover_reticule
D:6:      dreamdust_elfheim, layout_basic, uniq_eustachio
D:7:      layout_rooms, minmay_temple_entry_drinking_statues,
          grunt_ministairs_13
D:8:      minmay_bloctagon, layout_loops_corners, serial_shops, shop,
          nicolae_shop_bloodbath_and_beyond, nicolae_shop_hallway_stairs, shop,
          nicolae_diamond_shop, uniq_psyche
Temple:   mainiacjoe_temple_big_plus

Skill      XL: |  1  2  3  4  5  6  7  8  9 10 |
---------------+-------------------------------+-----
Ranged Weapons | 3 4 6 7 9 10 12 | 12.7
Fighting       | 2 4 5 7 8 |  8.0
Armour         | 1 3 4 |  4.5
Dodging        | 3 5 |  5.0
Invocations    | 1 2 |  2.1
Spellcasting   | |  1.0
Hexes          | |  2.0

Action                     |  1- 3 |  4- 6 |  7- 9 | 10-12 || total
---------------------------+-------+-------+-------+-------++-------
   Fire: Sling             |   143 |    61 |   441 |       ||   645
         Orcbow            |       |       |   209 |    15 ||   224
 Invoke: Heroism           |       |       |     4 |     1 ||     5
    Use: Scroll            |     6 |     1 |     8 |     1 ||    16
         Potion            |       |       |     6 |     1 ||     7
 Armour: Robe              |     6 |       |       |       ||     6
         Ring mail         |    19 |    22 |   205 |    12 ||   258
  Dodge: Dodged            |    31 |    20 |   200 |    18 ||   269

Table legend:
 A = Non-vault XP
 B = Vault XP
 C = Vault XP percentage of total XP
 D = Non-vault monster count
 E = Vault monster count
 F = Vault count percentage of total count
                 A         B        C        D         E       F
            +---------+---------+-------+---------+---------+-------
      Total |    4398 |    1855 |  29.7 |     158 |      21 |  11.7
            +---------+---------+-------+---------+---------+-------
        D:1 |      35 |       8 |  18.6 |      20 |       5 |  20.0
        D:2 |      49 |       0 |   0.0 |      16 |       0 |   0.0
        D:3 |     349 |     537 |  60.6 |      29 |       4 |  12.1
        D:4 |     382 |       0 |   0.0 |      17 |       0 |   0.0
        D:5 |    1114 |       0 |   0.0 |      26 |       0 |   0.0
        D:6 |     738 |     185 |  20.0 |      20 |       1 |   4.8
        D:7 |    1731 |     227 |  11.6 |      30 |       7 |  18.9
        D:8 |       0 |     898 | 100.0 |       0 |       4 | 100.0
            +---------+---------+-------+---------+---------+-------
